[Event "*** Titled Tuesday Blitz"]
[Site "Chess.com"]
[Date "2020.04.28"]
[Round "1"]
[White "Pavalamalli"]
[Black "Shoytan"]
[Result "0-1"]
[WhiteElo "2220"]
[BlackElo "2566"]
[TimeControl "180+1"]
[EndTime "10:05:11 PDT"]
[Termination "Shoytan won by resignation"]

1. d4 Nf6 2. Nc3 g6 3. Bf4 d5 4.
Qd2 Bg7 5. h4 h5 6. O-O-O O-O 7.
f3 Nbd7 8. e4 dxe4 9. fxe4 c6 10. e5 Ng4 11. Be2 Nb6 12. Nh3 Nd5 13. Nxd5 Qxd5 14.
Kb1 Qxg2 15. Rdg1 Qd5 16. Bxg4 Bxg4 17. Nf2 Bf5 18. Bh6 Rad8 19. Bxg7 Kxg7 20. Qg5 Qf3 21. Qxe7 Qxf2 22. Qf6+ Kh7 23. Rc1 Rxd4 24. Rhf1 Bxc2+ 25. Ka1 Qxf6 0-1

[Event "*** Titled Tuesday Blitz"]
[Site "Chess.com"]
[Date "2020.04.28"]
[Round "1"]
[White "UCantHandleDenker"]
[Black "ALEXJR20"]
[Result "1-0"]
[WhiteElo "2557"]
[BlackElo "2216"]
[TimeControl "180+1"]
[EndTime "10:05:12 PDT"]
[Termination "UCantHandleDenker won by resignation"]

1. Nf3 Nf6 2. c4 c5 3. g3 Nc6 4. Bg2 e6 5. O-O Be7 6. Nc3 d5 7.
cxd5 exd5 8. d4 Be6 9. Bg5 c4 10. Ne5 h6 11. Bxf6 Bxf6 12. Nxc6 bxc6 13. e3 O-O 14. b3 cxb3 15. axb3 a5 16. Na4 Be7 17.
Rc1 Qd7 18. Nb6 Qb7 19. Nxa8 Rxa8 20. Qc2 Bd7 21. Rfd1 a4 22. bxa4 g6 23. Ra1 Ra5 24. Rdb1 Qa6 25. Bf1 Qa7 26. Bd3 Kg7 27. h4 g5 28.
hxg5 hxg5 29. Bf5 Be8 30. Kg2 f6 31. Rh1 c5 32. Rh7+ Kf8 33. Rh8+ Kf7 34. Bg6+ 1-0

[Event "*** Titled Tuesday Blitz"]
[Site "Chess.com"]
[Date "2020.04.28"]
[Round "1"]
[White "CraiggoryC"]
[Black "arminmusovic"]
[Result "0-1"]
[WhiteElo "2064"]
[BlackElo "2499"]
[TimeControl "180+1"]
[EndTime "10:05:12 PDT"]
[Termination "arminmusovic won by resignation"]

1. e4 c6 2. Nf3 d5 3. e5 c5 4.
d4 Nc6 5. dxc5 Bg4 6. Bb5 e6 7. c3 Bxf3 8. Qxf3 Bxc5 9. b4 Bb6 10. Qg3 Kf8 11. O-O Nge7 12. Kh1 Rc8 13. Bg5 h6 14.
Bxe7+ Nxe7 15. Bd3 h5 16. f4 h4 17. Qh3 g6 18. Bc2 d4 19. Be4 Nf5 20. Bxb7 Kg7 21. Be4 Ng3+ 22. hxg3 hxg3 0-1

[Event "*** Titled Tuesday Blitz"]
[Site "Chess.com"]
[Date "2020.04.28"]
[Round "1"]
[White "Angry_Twin"]
[Black "VolodymyrMolyboha"]
[Result "1-0"]
[WhiteElo "2795"]
[BlackElo "2419"]
[TimeControl "180+1"]
[EndTime "10:05:16 PDT"]
[Termination "Angry_Twin won by resignation"]

1. e4 g6 2. d4 Bg7 3. Nc3 d6 4. f4 c6 5. Nf3 Bg4 6. Be2 d5 7. e5 e6 8. Be3 h5 9. Qd2 Nh6 10. g3 Nd7 11. O-O-O a6 12. h3 Bf5 13. Ng5 Qe7 14.
Rhg1 f6 15. g4 fxg5 16. fxg5 Nxg4 17. hxg4 hxg4 18. Bxg4 O-O-O 19. Bxf5 exf5 20. Ne2 c5 21. c3 Rh2 22. Kb1 cxd4 23. cxd4 Nb6 24. b3 Kb8 25. Bf4 Rh4 26. Qa5 Ka7 27. Rc1 Bf8 28. Bd2 Rh2 29.
Nf4 Qh7 30. Ne6 Re8 31. Nxf8 Rxf8 32. Bb4 Nd7 33. Bxf8 Nxf8 34. Qc5+ 1-0

[Event "*** Titled Tuesday Blitz"]
[Site "Chess.com"]
[Date "2020.04.28"]
[Round "1"]
[White "FelixJoseYnojosa"]
[Black "TheoSlade"]
[Result "1-0"]
[WhiteElo "2615"]
[BlackElo "2294"]
[TimeControl "180+1"]
[EndTime "10:05:17 PDT"]
[Termination "FelixJoseYnojosa won by resignation"]

1. e4 e5 2. Nf3 Nc6 3. Bc4 Bc5 4.
d3 Nf6 5. Nc3 O-O 6. Bg5 h6 7.
Bxf6 Qxf6 8. Nd5 Qd8 9. c3 d6 10. b4 Bb6 11. a4 a5 12. Nxb6 cxb6 13. b5 Ne7 14. Qb3 Ng6 15. Nd2 Qe7 16. Nf1 Be6 17. Ne3 Bxc4 18. Qxc4 Rac8 19. Qb3 Nf4 20. Nd5 Nxd5 21.
exd5 e4 22. d4 Qc7 23. Kd2 Qc4 24. Qxc4 Rxc4 25. Rhe1 f5 26. Re3 Kf7 27. g4 g6 28.
gxf5 gxf5 29. f3 exf3 30. Rxf3 Kf6 31. Raf1 Kg6 32. Rg1+ Kh7 33. Re1 Rxa4 34. Re7+ Kg6 35. Rxb7 Ra2+ 36. Kd3 Re8 37. Rxb6 Ree2 38. Rxd6+ Kg5 39.
Rd8 f4 40. Rg8+ Kf6 41. Rf8+ Ke7 42. R8xf4 a4 43. Rf7+ Kd6 44. R3f6+ Re6 45. Rxe6+ Kxd5 46. Ra6 Rd2+ 47. Kxd2 Kc4 48. b6 1-0

[Event "*** Titled Tuesday Blitz"]
[Site "Chess.com"]
[Date "2020.04.28"]
[Round "1"]
[White "turayev_shahruh17"]
[Black "mshuaau0"]
[Result "1-0"]
[WhiteElo "2506"]
[BlackElo "2107"]
[TimeControl "180+1"]
[EndTime "10:05:17 PDT"]
[Termination "turayev_shahruh17 won by checkmate"]

1. e4 e5 2. Nc3 Nf6 3. Bc4 Be7 4. f4 d6 5. Nf3 Nc6 6. O-O O-O 7. d3 a6 8. Qe1 Bg4 9. fxe5 dxe5 10. Qg3 Bxf3 11. Rxf3 Nd4 12. Rf2 b5 13. Bb3 Nxb3 14. axb3 Bc5 15.
Be3 Bxe3 16. Qxe3 c6 17. Qg3 Nd7 18. Raf1 Qe7 19. Nd1 Kh8 20. Ne3 g6 21. Ng4 h5 22.
Nf6 Nxf6 23. Rxf6 Rad8 24. Rxc6 Rc8 25. Rff6 Kg7 26. Rxg6+ fxg6 27. Qxg6+ Kh8 28. Qxh5+ Qh7 29. Rh6 Qxh6 30. Qxh6+ Kg8 31. Qg5+ Kh7 32. Qh5+ Kg8 33. c3 Rce8 34. Qg6+ Kh8 35. h4 Re7 36. Qxa6 Rg7 37. Qxb5 Rfg8 38. Qxe5 Kh7 39. Qh5# 1-0

[Event "*** Titled Tuesday Blitz"]
[Site "Chess.com"]
[Date "2020.04.28"]
[Round "1"]
[White "EugeneRougon"]
[Black "Rakesh"]
[Result "1-0"]
[WhiteElo "2740"]
[BlackElo "2390"]
[TimeControl "180+1"]
[EndTime "10:05:19 PDT"]
[Termination "EugeneRougon won by resignation"]

1. e4 c5 2. Nf3 e6 3. g3 a6 4. Bg2 Nc6 5. O-O Nf6 6. e5 d5 7. exf6 Qxf6 8. Nc3 b5 9. Re1 Be7 10. d3 b4 11. Ne2 h6 12. Nf4 O-O 13. h4 Bd6 14. Nh2 Bb7 15. Nh5 Qg6 16. Qg4 Nd4 17.
Qd1 f5 18. Bf4 Rad8 19. c3 bxc3 20. bxc3 Nc6 21. Bxd6 Rxd6 22. Nf4 Qf6 23. Rb1 Bc8 24.
Qd2 Rfd8 25. Rb6 Qf7 26. d4 cxd4 27. cxd4 1-0

[Event "*** Titled Tuesday Blitz"]
[Site "Chess.com"]
[Date "2020.04.28"]
[Round "1"]
[White "DonPreuss"]
[Black "Winehouse83"]
[Result "0-1"]
[WhiteElo "2193"]
[BlackElo "2538"]
[TimeControl "180+1"]
[EndTime "10:05:22 PDT"]
[Termination "Winehouse83 won on time"]

1. d4 Nf6 2. Nc3 d5 3. e4 dxe4 4. f3 exf3 5. Nxf3 Bf5 6. Ne5 e6 7.
Qf3 c6 8. g4 Qxd4 9. gxf5 Qxe5+ 10. Be3 Qxf5 11. Qxf5 exf5 12. O-O-O Bb4 13. Bd4 Nbd7 14.
Re1+ Kd8 15. Bc4 Rf8 16. a3 Bd6 17. Rd1 Kc7 18. Be3 f4 19. Bf2 Bc5 20. Bh4 Ne5 21.
Bxf6 gxf6 0-1

[Event "*** Titled Tuesday Blitz"]
[Site "Chess.com"]
[Date "2020.04.28"]
[Round "1"]
[White "Aureliano-Buendia"]
[Black "Maybe00"]
[Result "0-1"]
[WhiteElo "2415"]
[BlackElo "2782"]
[TimeControl "180+1"]
[EndTime "10:05:23 PDT"]
[Termination "Maybe00 won by resignation"]

1. d4 d5 2. Nf3 Nf6 3. c4 c6 4. Nc3 e6 5. g3 dxc4 6. Bg2 Nbd7 7. O-O Be7 8. Qc2 O-O 9. a4 Nd5 10. Ne4 b5 11. Neg5 N7f6 12. Ne5 Bb7 13. Bd2 a6 14. e4 Nb4 15. Bxb4 Bxb4 16. Nexf7 Rxf7 17. e5 Re7 18. Rad1 Qe8 19. exf6 gxf6 20. Ne4 Qg6 21. Qe2 Rd8 22. f4 Red7 23. Qe3 c5 24. Nxc5 Bxc5 25. Qxe6+ Qf7 26. Qxf7+ Kxf7 27. Bxb7 Bxd4+ 28. Rxd4 Rxd4 29. axb5 axb5 30. Bc6 b4 31. Ra1 c3 32. bxc3 bxc3 33. Ra7+ Kg8 34. Ba4 Rxa4 0-1

[Event "*** Titled Tuesday Blitz"]
[Site "Chess.com"]
[Date "2020.04.28"]
[Round "1"]
[White "cottage_cheese"]
[Black "michaelk123"]
[Result "0-1"]
[WhiteElo "2169"]
[BlackElo "2527"]
[TimeControl "180+1"]
[EndTime "10:05:23 PDT"]
[Termination "michaelk123 won by resignation"]

1. e4 c6 2. d4 d5 3. Nd2 dxe4 4. Nxe4 Bf5 5. Ng3 Bg6 6. Nh3 Nf6 7. Nf4 e5 8. Nxg6 hxg6 9. Be3 Nbd7 10. Bc4 Bd6 11. Qf3 Qc7 12. O-O-O a5 13. h3 a4 14.
Rhe1 O-O 15. Ne4 b5 16. Nxd6 Qxd6 17. dxe5 Qxe5 18. Bf4 Qc5 19. Bd3 a3 20. b3 Qc3 21.
Bf1 Qb2+ 22. Kd2 Rad8 23. Bd3 Nc5 24. Re3 Nd5 25. Be5 Qxa2 26. Ra1 Nxb3+ 27. Ke2 Nxa1 0-1

[Event "*** Titled Tuesday Blitz"]
[Site "Chess.com"]
[Date "2020.04.28"]
[Round "1"]
[White "BeanScreen"]
[Black "AcsinteMatei"]
[Result "1-0"]
[WhiteElo "2584"]
[BlackElo "2253"]
[TimeControl "180+1"]
[EndTime "10:05:24 PDT"]
[Termination "BeanScreen won by checkmate"]

1. e4 c6 2. d4 d5 3. exd5 cxd5 4. Bd3 Nc6 5. c3 Nf6 6. Bf4 e6 7. Nf3 Bd6 8. Bg3 a6 9. a4 Qe7 10. O-O O-O 11. Re1 Bxg3 12. hxg3 Bd7 13. Nbd2 Rfc8 14. Ne5 Nxe5 15. dxe5 Ne8 16. Nf3 b5 17. axb5 axb5 18. Qd2 h6 19. b4 f6 20. exf6 Qxf6 21. Ne5 Rxa1 22. Nxd7 Rxe1+ 23. Qxe1 Qxc3 24. Qxe6+ Kh8 25. Ne5 Nf6 26. Nf7+ Kg8 27. Nxh6+ Kh8 28. Qg8+ Rxg8 29. Nf7# 1-0

[Event "*** Titled Tuesday Blitz"]
[Site "Chess.com"]
[Date "2020.04.28"]
[Round "1"]
[White "swimmerchess"]
[Black "Yerlan-Ra"]
[Result "1-0"]
[WhiteElo "2854"]
[BlackElo "2439"]
[TimeControl "180+1"]
[EndTime "10:05:25 PDT"]
[Termination "swimmerchess won by resignation"]

1. e4 e5 2. Nf3 d6 3. d4 exd4 4.
Nxd4 Nf6 5. Nc3 Be7 6. g3 O-O 7. Bg2 Re8 8. O-O Nbd7 9. Be3 Nc5 10. Nb3 Ne6 11. h3 c6 12. Qd2 a5 13. a4 Bf8 14.
Rad1 Qe7 15. f4 Bd7 16. e5 Nh5 17. exd6 Qf6 18. Ne4 Qxb2 19. Rb1 Qa3 20. f5 Nd8 21. Nbc5 Nxg3 22. Nxg3 Rxe3 23. Nge4 Rxe4 24. Nxe4 b5 25. Rb3 Qxa4 26. Nc5 Qc4 27. Nxd7 1-0

[Event "*** Titled Tuesday Blitz"]
[Site "Chess.com"]
[Date "2020.04.28"]
[Round "1"]
[White "AlexZambrano"]
[Black "johnathan113"]
[Result "0-1"]
[WhiteElo "2319"]
[BlackElo "2647"]
[TimeControl "180+1"]
[EndTime "10:05:25 PDT"]
[Termination "johnathan113 won on time"]

1. Nf3 g6 2. d4 Nf6 3. g3 Bg7 4. c4 c5 5. Bg2 cxd4 6. Nxd4 O-O 7. O-O Nc6 8. Nc3 Qa5 9. e4 d6 10. Nxc6 bxc6 11. Bd2 Bg4 12. Bf3 Qh5 13. Bxg4 Nxg4 14. h4 Ne5 15. Qxh5 gxh5 16. Bg5 Rfe8 17. c5 dxc5 18.
Be3 Rab8 19. Bxc5 Rxb2 20. Na4 Re2 21. Kg2 Nd3 22. Be3 Bxa1 23. Rxa1 Rb8 24. Nc3 Rc2 0-1

[Event "*** Titled Tuesday Blitz"]
[Site "Chess.com"]
[Date "2020.04.28"]
[Round "1"]
[White "dretch"]
[Black "2nd_life"]
[Result "1-0"]
[WhiteElo "2752"]
[BlackElo "2398"]
[TimeControl "180+1"]
[EndTime "10:05:26 PDT"]
[Termination "dretch won by resignation"]

1. d4 Nf6 2. c4 e6 3. Nc3 Bb4 4.
Qc2 O-O 5. e4 d6 6. a3 Bxc3+ 7.
bxc3 e5 8. Bd3 Qe7 9. Ne2 Nc6 10. O-O b6 11. f4 h6 12. Bd2 Bg4 13. Rae1 Bxe2 14.
Rxe2 exd4 15. Qb2 dxc3 16. Bxc3 Rfe8 17. Rf3 Kf8 18. e5 dxe5 19. fxe5 Nd7 20. e6 Qc5+ 21. Kh1 1-0

[Event "*** Titled Tuesday Blitz"]
[Site "Chess.com"]
[Date "2020.04.28"]
[Round "1"]
[White "Gennady_Kozlov"]
[Black "Kaua18"]
[Result "1-0"]
[WhiteElo "2581"]
[BlackElo "2248"]
[TimeControl "180+1"]
[EndTime "10:05:26 PDT"]
[Termination "Gennady_Kozlov won by resignation"]

1. b3 e5 2. Bb2 Nc6 3. e3 Nf6 4. Bb5 Bd6 5. Nf3 Qe7 6. d4 e4 7. Nfd2 O-O 8. Qe2 a6 9. Bxc6 dxc6 10. c4 Re8 11. Nc3 Bg4 12. Qf1 Bh5 13. h3 h6 14. g4 Bg6 15. c5 Bxc5 16. dxc5 Qxc5 17. Qc4 Qg5 18. O-O-O Rad8 19. Qe2 Nd5 20.
Nxd5 Rxd5 21. Nc4 Red8 22. Rxd5 Rxd5 23. Rd1 h5 24. Rxd5 Qxd5 25. gxh5 Bxh5 26. Qd2 Bf3 27. Ne5 Bg2 28. h4 f6 29. Ng6 Qxd2+ 30. Kxd2 Bh3 31.
Kc3 Bf5 32. Ne7+ 1-0

[Event "*** Titled Tuesday Blitz"]
[Site "Chess.com"]
[Date "2020.04.28"]
[Round "1"]
[White "GiorgianBarbosa"]
[Black "NewBornNow"]
[Result "0-1"]
[WhiteElo "2305"]
[BlackElo "2630"]
[TimeControl "180+1"]
[EndTime "10:05:27 PDT"]
[Termination "NewBornNow won by resignation"]

1. Nf3 c5 2. c4 g6 3. g3 Bg7 4.
Bg2 Nc6 5. O-O e6 6. e3 Nge7 7. d4 cxd4 8. exd4 d5 9. cxd5 Nxd5 10. Nc3 O-O 11. Re1 Nde7 12. Bg5 h6 13. Bf4 g5 14. Be3 Nf5 15. Qd2 Nxe3 16. fxe3 Bd7 17. Rad1 Rc8 18. e4 g4 19. Ne5 Nxe5 20. dxe5 Bc6 21. Nd5 exd5 22.
exd5 Qb6+ 23. Kh1 Bb5 24. Re4 h5 25. e6 fxe6 26. Rxe6 Qf2 27. Qg5 Rc2 28. Rg1 Bf1 0-1

[Event "*** Titled Tuesday Blitz"]
[Site "Chess.com"]
[Date "2020.04.28"]
[Round "1"]
[White "Quaternitychess"]
[Black "GracefulYear"]
[Result "1-0"]
[WhiteElo "2086"]
[BlackElo "2474"]
[TimeControl "180+1"]
[EndTime "10:05:27 PDT"]
[Termination "Quaternitychess won by checkmate"]

1. e4 c5 2. Nf3 d6 3. d4 cxd4 4. Nxd4 g6 5. Nc3 Bg7 6. Be3 Nc6 7. Qd2 Nf6 8. f3 Bd7 9. O-O-O a6 10. g4 b5 11. h4 Qc8 12. h5 Ne5 13. h6 Bf8 14. g5 Nh5 15. Nd5 Qb7 16. Rxh5 gxh5 17. f4 Ng6 18. Be2 h4 19. Nf5 O-O-O 20. Bb6 Re8 21. Qc3+ Qc6 22. Qa5 Kb7 23. Nd4 Qc8 24. Nb4 Qa8 25. e5 e6 26. exd6 Bxd6 27. Bf3+ Kb8 28.
Bxa8 Kxa8 29. Qxa6+ Kb8 30. Ndc6+ Bxc6 31. Nxc6# 1-0

[Event "*** Titled Tuesday Blitz"]
[Site "Chess.com"]
[Date "2020.04.28"]
[Round "1"]
[White "Bastiandash"]
[Black "mbachez"]
[Result "0-1"]
[WhiteElo "1995"]
[BlackElo "2483"]
[TimeControl "180+1"]
[EndTime "10:05:27 PDT"]
[Termination "mbachez won by checkmate"]

1. d4 Nf6 2. Nf3 d5 3. c3 c5 4. Bg5 e6 5. e3 Nc6 6. Bd3 h6 7. Bh4 Bd6 8. Nbd2 O-O 9. O-O e5 10. dxe5 Nxe5 11. Nxe5 Bxe5 12. Bg3 Re8 13. Qe2 Bg4 14.
f3 Bd7 15. Rae1 Qc7 16. Qf2 Re7 17. Bxe5 Rxe5 18. e4 c4 19. Bc2 Rae8 20. exd5 Rxe1 21. Rxe1 Rxe1+ 22. Qxe1 Qb6+ 23. Kh1 Qxb2 24. Qd1 Qxc3 25. Ne4 Nxe4 26. fxe4 Bg4 27. Qxg4 Qe1# 0-1

[Event "*** Titled Tuesday Blitz"]
[Site "Chess.com"]
[Date "2020.04.28"]
[Round "1"]
[White "grandemestregringo"]
[Black "bakki78"]
[Result "1-0"]
[WhiteElo "2417"]
[BlackElo "2738"]
[TimeControl "180+1"]
[EndTime "10:05:28 PDT"]
[Termination "grandemestregringo won by resignation"]

1. d4 Nf6 2. c4 g6 3. Nc3 Bg7 4. e4 d6 5. Nf3 O-O 6. Be2 Bg4 7. O-O Nfd7 8. Be3 a6 9. d5 c5 10. h3 Bxf3 11. Bxf3 b5 12. cxb5 axb5 13. Nxb5 Bxb2 14. Rb1 Bg7 15. a3 Na6 16. Be2 Nc7 17. a4 Nb6 18. Nxc7 Qxc7 19. Bb5 Ra7 20. Qc2 e6 21. dxe6 fxe6 22. Rfd1 Rfa8 23. Bf4 e5 24. Be3 Nxa4 25.
Bc4+ Kh8 26. Bd5 Rf8 27. Qb3 Ra5 28. Ra1 Ra7 29. Rxa4 Rxa4 30. Qxa4 h5 31. Rb1 Qe7 32. Rb7 Qf6 33. Qd7 Ra8 34. Bh6 1-0

[Event "*** Titled Tuesday Blitz"]
[Site "Chess.com"]
[Date "2020.04.28"]
[Round "1"]
[White "Mimsychess"]
[Black "Stewie_89"]
[Result "1-0"]
[WhiteElo "2335"]
[BlackElo "2625"]
[TimeControl "180+1"]
[EndTime "10:05:28 PDT"]
[Termination "Mimsychess won by resignation"]

1. e4 Nf6 2. e5 Nd5 3. d4 d6 4. Nf3 g6 5. Bc4 c6 6. O-O Bg7 7. h3 O-O 8. Qe2 dxe5 9. dxe5 h6 10. Rd1 Qa5 11. Bd2 Qb6 12. Nc3 Be6 13. Na4 Qc7 14.
Nc5 Bf5 15. e6 f6 16. Nd4 b6 17. Nxf5 gxf5 18. Nd3 b5 19. Bb3 Na6 20. Qh5 Rad8 21. Qg6 f4 22. Bxd5 Rxd5 23. Bxf4 Qd8 24. Bxh6 Rg5 25. Bxg5 fxg5 26. Ne5 Qe8 27. Nf7 Nc5 28. Rd8 1-0

[Event "*** Titled Tuesday Blitz"]
[Site "Chess.com"]
[Date "2020.04.28"]
[Round "1"]
[White "novocane"]
[Black "vovachesss"]
[Result "0-1"]
[WhiteElo "2241"]
[BlackElo "2574"]
[TimeControl "180+1"]
[EndTime "10:05:28 PDT"]
[Termination "vovachesss won by resignation"]

1. d4 d6 2. c4 e5 3. Nf3 exd4 4. Nxd4 Nf6 5. g3 g6 6. Bg2 Bg7 7. O-O O-O 8. Nc3 Nbd7 9. e3 a5 10. b3 Nc5 11. Bb2 Re8 12. a3 c6 13. Qc2 Qe7 14. Rfd1 Bg4 15. Nde2 Bf5 16. e4 Ncxe4 17. Nxe4 Nxe4 18. Bxg7 Nxf2 19. Qb2 Nxd1 20. Rxd1 Qxe2 0-1

[Event "*** Titled Tuesday Blitz"]
[Site "Chess.com"]
[Date "2020.04.28"]
[Round "1"]
[White "Lunow"]
[Black "lupta_robin"]
[Result "0-1"]
[WhiteElo "2201"]
[BlackElo "2543"]
[TimeControl "180+1"]
[EndTime "10:05:29 PDT"]
[Termination "lupta_robin won by resignation"]

1. c4 e5 2. g3 h5 3. h3 Nc6 4.
Bg2 Bc5 5. Nc3 Nge7 6. e3 a6 7. Nge2 d6 8. d4 Ba7 9. b3 Bf5 10. Bb2 Qd7 11. Nd5 Nxd5 12. cxd5 Nb4 13. e4 exd4 14.
Nxd4 Bxd4 15. Bxd4 Qb5 16. exf5 O-O 17. Bf1 Rfe8+ 18. Be3 Qa5 19. Ke2 Nxd5 20. Bg2 Nc3+ 0-1

[Event "*** Titled Tuesday Blitz"]
[Site "Chess.com"]
[Date "2020.04.28"]
[Round "1"]
[White "Milchone1"]
[Black "HrvojeZagreb"]
[Result "1-0"]
[WhiteElo "2504"]
[BlackElo "2105"]
[TimeControl "180+1"]
[EndTime "10:05:29 PDT"]
[Termination "Milchone1 won by resignation"]

1. Nf3 f5 2. c4 Nf6 3. d4 d6 4. g3 e6 5. Bg2 Be7 6. b3 O-O 7. Bb2 Ne4 8. Nbd2 Bf6 9. Qc2 Nxd2 10.
Qxd2 Qe8 11. O-O Nc6 12. Rfe1 e5 13. dxe5 dxe5 14. e3 Be6 15. Rad1 Qh5 16. Qe2 Rae8 17. Nd4 Qxe2 18. Nxe2 e4 19. Bxf6 Rxf6 20. Nf4 Ne5 21.
Rd4 Bf7 22. Red1 h6 23. Rd8 g5 24. Nd5 Ra6 25. Nxc7 Rxd8 26. Rxd8+ Kg7 27. Nxa6 bxa6 28. Ra8 Nc6 29. Bf1 a5 30. c5 a4 31. Bb5 axb3 32.
axb3 Na5 33. Rxa7 Nxb3 34. Bc4 1-0

[Event "*** Titled Tuesday Blitz"]
[Site "Chess.com"]
[Date "2020.04.28"]
[Round "1"]
[White "Alonmindlin"]
[Black "dcann0n88"]
[Result "1-0"]
[WhiteElo "2715"]
[BlackElo "2379"]
[TimeControl "180+1"]
[EndTime "10:05:30 PDT"]
[Termination "Alonmindlin won by resignation"]

1. d4 Nf6 2. c4 g6 3. Nc3 Bg7 4.
e4 d6 5. f3 O-O 6. Be3 c5 7. d5 e6 8. Qd2 exd5 9. cxd5 a6 10.
a4 h5 11. Nge2 Nbd7 12. Nc1 Ne5 13. Be2 Nh7 14. O-O Re8 15. h3 f5 16. exf5 Bxf5 17. Bf2 Nf7 18. Bd3 Qg5 19. Qxg5 Nhxg5 20. Bxf5 gxf5 21.
Nd3 Nh7 22. Nf4 Nf6 23. Rfe1 Ne5 24. Rad1 Bh6 25. Ne6 Rac8 26. b3 Kf7 27. Bg3 Nxd5 28. Rxd5 Rxe6 29. Bxe5 dxe5 30. Rdxe5 Rce8 31. Rxf5+ Kg8 32. Rxe6 Rxe6 33. Rxh5 Bg7 34. Ne4 Bd4+ 35. Kf1 Rb6 36. Nxc5 1-0

[Event "*** Titled Tuesday Blitz"]
[Site "Chess.com"]
[Date "2020.04.28"]
[Round "1"]
[White "Omk124"]
[Black "SamuelGhimpu2003"]
[Result "0-1"]
[WhiteElo "2356"]
[BlackElo "2693"]
[TimeControl "180+1"]
[EndTime "10:05:30 PDT"]
[Termination "SamuelGhimpu2003 won by checkmate"]

1. e4 d6 2. d4 Nf6 3. Nc3 g6 4. Nf3 Bg7 5. h4 a6 6. a4 Bg4 7.
Be2 Nbd7 8. Be3 c5 9. Qd2 cxd4 10. Nxd4 Bxe2 11. Ndxe2 Nc5 12. f3 Rc8 13. O-O-O Qa5 14. Bxc5 Rxc5 15. Kb1 b5 16. axb5 axb5 17. Nd5 Qa4 18.
Nxe7 Rc7 19. Nc3 Qa6 20. Ned5 Ra7 21. Kc1 b4 22. Nxb4 Qa1+ 23. Nb1 Nxe4 24. Qe3 Qxb2# 0-1

[Event "*** Titled Tuesday Blitz"]
[Site "Chess.com"]
[Date "2020.04.28"]
[Round "1"]
[White "RodinMihail"]
[Black "Larina_Marija"]
[Result "1-0"]
[WhiteElo "2525"]
[BlackElo "2165"]
[TimeControl "180+1"]
[EndTime "10:05:31 PDT"]
[Termination "RodinMihail won on time"]

1. e4 d5 2. exd5 Qxd5 3. Nc3 Qa5 4. d4 Nf6 5. Nf3 Bf5 6. Bc4 e6 7. Ne5 Be7 8. g4 Be4 9. O-O Bd5 10. Nxd5 exd5 11.
Bd3 Nbd7 12. f4 c5 13. c3 Nxe5 14. fxe5 Nd7 15. Qf3 O-O-O 16. Qxf7 Bh4 17. e6 Nf6 18. e7 Rde8 19. Bf4 Nd7 20. Qxd5 Rxe7 21. Bf5 Rd8 22.
Qd6 1-0

[Event "*** Titled Tuesday Blitz"]
[Site "Chess.com"]
[Date "2020.04.28"]
[Round "1"]
[White "WIDBIFS"]
[Black "chessablanca"]
[Result "1-0"]
[WhiteElo "2834"]
[BlackElo "2433"]
[TimeControl "180+1"]
[EndTime "10:05:32 PDT"]
[Termination "WIDBIFS won by resignation"]

1. d4 Nf6 2. Nf3 e6 3. Bf4 d5 4.
e3 Bd6 5. Bg3 Nbd7 6. Nbd2 b6 7.
c3 Bb7 8. Bd3 Ne4 9. Qe2 Qe7 10.
a3 a5 11. Rc1 f5 12. c4 c5 13. cxd5 exd5 14. Bb5 Rc8 15. Bxd6 Qxd6 16. Nxe4 dxe4 17. Ne5 Bc6 18. Nxc6 Rxc6 19. Bxc6 Qxc6 20. O-O O-O 21. dxc5 bxc5 22. Qc4+ Kh8 23. Rfd1 Rc8 24. Qd5 Qxd5 25. Rxd5 Rc7 26. Rcd1 Nf8 27. Rxf5 Rc8 28. h3 g6 29. Rf7 Ne6 30. Rdd7 Ng5 31. Rfe7 Rb8 32. h4 1-0

[Event "*** Titled Tuesday Blitz"]
[Site "Chess.com"]
[Date "2020.04.28"]
[Round "1"]
[White "LiamPutnam2008"]
[Black "Raffael89"]
[Result "1-0"]
[WhiteElo "2569"]
[BlackElo "2229"]
[TimeControl "180+1"]
[EndTime "10:05:32 PDT"]
[Termination "LiamPutnam2008 won by resignation"]

1. e4 d5 2. exd5 Qxd5 3. Nc3 Qd8 4. d4 Nf6 5. Nf3 Bg4 6. Bc4 e6 7. O-O c6 8. Be3 Be7 9. h3 Bxf3 10. Qxf3 Nbd7 11.
Rad1 O-O 12. Rfe1 Nd5 13. Ne4 Nxe3 14. Qxe3 Nf6 15. Bd3 Nxe4 16. Qxe4 g6 17. c3 Qd5 18. c4 Qxe4 19. Bxe4 Rfd8 20. d5 cxd5 21. cxd5 exd5 22. Rxd5 Bf6 23. b3 Rac8 24. Rxd8+ Rxd8 25. Bxb7 Rd2 26. a4 Bd4 27. Rf1 Kg7 28. Ba6 Bc5 29. Bc4 a5 30. g3 f5 31. Kg2 h5 32. h4 Kf6 33. Kf3 g5 34. hxg5+ Kxg5 35. Kg2 Bb6 36. Kf3 Bc5 37. Bf7 Rd3+ 38. Ke2 Rc3 39. f3 Re3+ 40. Kd2 Re7 41. Bc4 Bb4+ 42. Kd3 Rd7+ 43. Ke3 Re7+ 44.
Kf2 Bc5+ 45. Kg2 Rd7 46. Re1 Rd2+ 47. Kh3 Rd6 48. Re5 Kf6 49. Rxc5 1-0

[Event "*** Titled Tuesday Blitz"]
[Site "Chess.com"]
[Date "2020.04.28"]
[Round "1"]
[White "AttilaTurzo"]
[Black "Klavdia_Nik"]
[Result "1-0"]
[WhiteElo "2488"]
[BlackElo "2018"]
[TimeControl "180+1"]
[EndTime "10:05:32 PDT"]
[Termination "AttilaTurzo won by resignation"]

1. e4 e5 2. Nf3 d6 3. d4 exd4 4. Nxd4 Nf6 5. Nc3 Be7 6. Bf4 O-O 7. Qd2 Nbd7 8. O-O-O Nc5 9. f3 Bd7 10. g4 a6 11. h4 b5 12. h5 b4 13. Nce2 a5 14.
g5 Ne8 15. g6 fxg6 16. hxg6 h6 17. Kb1 Bf6 18. Be3 Qb8 19. Bxh6 b3 20. Be3 bxc2+ 21.
Qxc2 Be6 22. Nf4 Qb4 23. Rh8+ Kxh8 24. Qh2+ 1-0

[Event "*** Titled Tuesday Blitz"]
[Site "Chess.com"]
[Date "2020.04.28"]
[Round "1"]
[White "NotFischer"]
[Black "SiddharthGMJagadeesh"]
[Result "1-0"]
[WhiteElo "2151"]
[BlackElo "2500"]
[TimeControl "180+1"]
[EndTime "10:05:33 PDT"]
[Termination "NotFischer won by resignation"]

1. Nf3 d5 2. g3 Nf6 3. Bg2 e6 4. d4 b5 5. O-O Nbd7 6. a4 b4 7. c4 bxc3 8. bxc3 Ba6 9. Nbd2 c5 10.
Re1 cxd4 11. cxd4 Bb4 12. Ba3 Bxa3 13. Rxa3 Qe7 14. Rc3 O-O 15. Qc2 Nb6 16. Ne5 Rfc8 17. Nc6 Qd6 18. Rc1 Nc4 19. Nxc4 Bxc4 20. Ne5 Rab8 21. Nxc4 dxc4 22. Rxc4 Rxc4 23. Qxc4 h6 24. e4 Qa3 25. e5 Nd5 26. Bxd5 exd5 27. Qc7 Rb4 28.
Qc8+ Kh7 29. Qf5+ 1-0

[Event "*** Titled Tuesday Blitz"]
[Site "Chess.com"]
[Date "2020.04.28"]
[Round "1"]
[White "davigator"]
[Black "LuckIsMySkill"]
[Result "0-1"]
[WhiteElo "2386"]
[BlackElo "2729"]
[TimeControl "180+1"]
[EndTime "10:05:34 PDT"]
[Termination "LuckIsMySkill won by resignation"]

1. e4 c5 2. Nf3 d6 3. d4 Bg4 4. dxc5 Qa5+ 5. Nc3 Qxc5 6. Bd3 Nf6 7. h3 Bxf3 8. Qxf3 Nc6 9. O-O e6 10. Be3 Qa5 11.
Qe2 Be7 12. a3 O-O 13. b4 Qc7 14. Nb5 Qd7 15. Rfd1 a6 16. Nd4 d5 17. Nxc6 Qxc6 18. e5 Nd7 19. f4 Bd8 20. Kh1 Bb6 21. Bd2 f5 22. c4 Rac8 23. c5 Bd8 24. Rdc1 Qc7 25.
Rab1 Be7 26. Be3 Qd8 27. c6 Rxc6 28. Rxc6 bxc6 29. Bxa6 c5 30. b5 Qa5 31. Qb2 c4 32. Ra1 Nc5 33. Bd2 Qb6 34. Bb4 Nd3 35. Qc3 Bxb4 36.
axb4 Nxf4 37. Re1 Qf2 0-1